 Dungeon Crawl Stone Soup version 0.32-a0-859-gb0a091d592 (webtiles) character file.

Game seed: 12574256039176154731

404192 cforsyth the Acrobat (level 22, 0/144 HPs)
             Began as a Deep Elf Summoner on Mar 27, 2024.
             Was a High Priest of Sif Muna.
             Killed by the air
             ... invoked by a spriggan air mage
              (16 damage)
             ... on level 2 of the Depths on Mar 28, 2024.
             The game lasted 04:01:57 (98994 turns).

cforsyth the Acrobat (Deep Elf Summoner)           Turns: 98994, Time: 04:01:58

Health: 0/144      AC: 11    Str:  5      XL:     22   Next: 34%
Magic:  16/48      EV: 37    Int: 34 (35) God:    Sif Muna [*****.]
Gold:   1578       SH: 16    Dex: 30      Spells: 5/61 levels left

rFire   + + .        k - +1 spear of a ziggurat {freeze, rElec Will+ Str-2 Stlth+}
rCold   + + +        m - +2 buckler
rNeg    + . .        E - +2 robe {rC+ rF+}
rPois   +            X - +2 helmet {SInv}
rElec   +            c - +1 cloak
rCorr   +            H - +0 pair of gloves "Lizxypp" {rF- rC+ Regen+ Dex+3}
SInv    +            Z - +0 pair of boots of Lidah {rF+ Str+2 Int+3}
Will    ++++.        e - amulet of Bumeugapn {Reflect *Corrode rElec Dex+6 SH+5}
Stlth   +++++        R - ring of resist corrosion
HPRegen 1.24/turn    h - ring "Ifod" {rPois rN+ Will+ Dex+6 Stlth+}
MPRegen 0.31/turn

%: corrode self (3%), reflection
@: resistant, marked, calling dragons, hasted, invisible, very quick
A: no striking features
}: 2/15 runes: barnacled, gossamer
a: Renounce Religion, Channel Magic, Forget Spell, Divine Exegesis


You were on level 2 of the Depths.
You worshipped Sif Muna.
Sif Muna was extremely pleased with you.
You visited 8 branches of the dungeon, and saw 39 of its levels.
You also visited: Ice Cave.

You collected 5974 gold pieces.
You spent 4396 gold pieces at shops.


   Skills:
 - Level 16.7 Fighting
 - Level 22.9 Dodging
 - Level 2.4 Stealth
 + Level 12.6 Shields
 - Level 20.0 Spellcasting
 - Level 5.0 Hexes
 + Level 22.9 Summonings
 - Level 8.0 Translocations
 - Level 5.0 Fire Magic
 - Level 5.0 Air Magic
 - Level 3.3 Evocations


You had 5 spell levels left.
You knew the following spells:

 Your Spells              Type           Power      Damage    Failure   Level
d - Dragon's Call         Summ           56%        N/A       11%         9
f - Call Canine Familiar  Summ           100%       N/A       0%          3
g - Malign Gateway        Summ/Tloc      48%        N/A       1%          7
h - Summon Hydra          Summ           56%        N/A       1%          7
l - Summon Lightning Spi  Summ/Air       92%        N/A       1%          4
m - Monstrous Menagerie   Summ           56%        N/A       1%          7
s - Summon Horrible Thin  Summ           56%        N/A       1%          8
t - Summon Forest         Summ/Tloc      48%        N/A       1%          5
v - Summon Mana Viper     Hex/Summ       92%        N/A       1%          5
z - Summon Small Mammal   Summ           100%       N/A       0%          1

Your spell library contained the following spells:

 Spells                   Type           Power      Damage    Failure   Level
 Call Imp                 Summ           100%       N/A       0%          2
 Apportation              Tloc           100%       N/A       1%          1
 Foxfire                  Conj/Fire      100%       2x1d9     1%          1
 Freeze                   Ice            100%       1d10      1%          1
 Kiss of Death            Conj/Necr      100%       2d13      1%          1
 Magic Dart               Conj           100%       1d8       1%          1
 Necrotise                Necr           100%       1d9       1%          1
 Sandblast                Erth           68%        2d15      1%          1
 Shock                    Conj/Air       100%       1d9       1%          1
 Blink                    Tloc           100%       N/A       1%          2
 Cigotuvi's Dreadful Rot  Necr/Alch/Air  90%        N/A       1%          2
 Ensorcelled Hibernation  Hex/Ice        100%       N/A       1%          2
 Jinxbite                 Hex            100%       N/A       1%          2
 Lesser Beckoning         Tloc           100%       N/A       1%          2
 Mercury Vapours          Alch/Air       100%       N/A       1%          2
 Momentum Strike          Conj/Tloc      100%       3d10      1%          2
 Scorch                   Fire           100%       2d9       1%          2
 Searing Ray              Conj           68%        2d6       1%          2
 Static Discharge         Conj/Air       100%       3-8/arc   1%          2
 Sublimation of Blood     Necr           34%        N/A       1%          2
 Inner Flame              Hex/Fire       61%        N/A       1%          3
 Mephitic Cloud           Conj/Alch/Air  45%        N/A       1%          3
 Sigil of Binding         Hex            61%        N/A       1%          3
 Summon Ice Beast         Ice/Summ       84%        N/A       1%          3
 Swiftness                Air            61%        N/A       1%          3
 Teleport Other           Tloc           73%        N/A       1%          3
 Tukima's Dance           Hex            61%        N/A       1%          3
 Volatile Blastmotes      Fire/Tloc      100%       2d18      1%          3
 Airstrike                Air            30%        2d(5-21)  1%          4
 Animate Armour           Summ/Erth      100%       N/A       1%          4
 Cause Fear               Hex            30%        N/A       1%          4
 Dimensional Bullseye     Hex/Tloc       33%        N/A       1%          4
 Martyr's Knell           Necr/Summ      84%        N/A       1%          4
 Summon Blazeheart Golem  Fire/Summ      92%        N/A       1%          4
 Vhi's Electric Charge    Tloc/Air       100%       N/A       1%          4
 Iskenderun's Mystic Bla  Conj/Tloc      57%        2d12      (+2d62%     4
 Frozen Ramparts          Ice            68%        1d11      4%          3
 Fugue of the Fallen      Necr           34%        N/A       4%          3
 Hailstorm                Conj/Ice       34%        3d8       4%          3
 Ozocubu's Armour         Ice            34%        N/A       4%          3
 Passwall                 Erth           34%        N/A       4%          3
 Stone Arrow              Conj/Erth      68%        3d11      4%          3
 Vampiric Draining        Necr           34%        2d8       4%          3
 Anguish                  Hex/Necr       25%        N/A       4%          4
 Flame Wave               Conj/Fire      50%        2d12      4%          4
 Ignite Poison            Fire/Alch      50%        N/A       4%          4
 Sticky Flame             Fire/Alch      50%        2d9       4%          4
 Silence                  Hex/Air        30%        N/A       4%          5
 Animate Dead             Necr           34%        N/A       13%         4
 Brom's Barrelling Bould  Conj/Erth      34%        2d5       13%         4
 Dispel Undead            Necr           34%        3d15      13%         4
 Fulminant Prism          Conj/Alch      17%        3d10      13%         4
 Leda's Liquefaction      Alch/Erth      17%        N/A       13%         4
 Olgreb's Toxic Radiance  Alch           34%        N/A       13%         4
 Petrify                  Alch/Erth      34%        N/A       13%         4
 Arcjolt                  Conj/Air       25%        1d35      13%         5
 Fireball                 Conj/Fire      25%        3d11      13%         5
 Metabolic Englaciation   Hex/Ice        25%        N/A       13%         5
 Yara's Violent Unravell  Hex/Alch       25%        3d11      13%         5
 Freezing Cloud           Conj/Ice/Air   22%        6-21      19%         5
 Alistair's Intoxication  Alch           22%        N/A       36%         5
 Borgnjor's Vile Clutch   Necr/Erth      17%        N/A       36%         5
 Curse of Agony           Necr           34%        N/A       36%         5
 Irradiate                Conj/Alch      17%        3d17      36%         5
 Iskenderun's Battlesphe  Conj           34%        2d9       36%         5
 Summon Cactus Giant      Summ           56%        N/A       0%          6
 Haunt                    Necr/Summ      42%        N/A       11%         7
 Spellforged Servitor     Conj/Summ      42%        N/A       11%         7
 Plasma Beam              Fire/Air       30%        2x1d43    26%         6
 Manifold Assault         Tloc           36%        N/A       38%         7
 Conjure Ball Lightning   Conj/Air       25%        3x3d7     58%         6
 Starburst                Conj/Fire      25%        6d8       58%         6
 Enfeeble                 Hex            30%        N/A       82%         7
 Bombard                  Conj/Erth      17%        9d3       90%         6
 Death Channel            Necr           17%        N/A       90%         6
 Eringya's Noxious Bog    Alch           17%        4d6       90%         6
 Permafrost Eruption      Ice/Erth       17%        2x4d6     90%         6
 Sculpt Simulacrum        Ice/Alch       17%        N/A       90%         6
 Disjunction              Tloc           36%        N/A       97%         8
 Ozocubu's Refrigeration  Ice            17%        4d11      100%        7
 Borgnjor's Revivificati  Necr           17%        N/A       100%        8
 Ignition                 Fire           30%        3d10      100%        8
 Maxwell's Capacitive Co  Air            30%        ∞         100%        8
 Polar Vortex             Ice            17%        12d2*     100%        9

Inventory:

Hand Weapons
 k - the +1 spear of a ziggurat (weapon) {freeze, rElec Will+ Str-2 Stlth+}
   (You found it on level 1 of the Vaults)

   Str-2:     It affects your strength (-2).
   rElec:     It insulates you from electricity.
   Will+:     It increases your willpower.
   Stlth+:    It makes you more stealthy.
Armour
 c - a +1 cloak (worn)
 m - a +2 buckler (worn)
 E - a +2 robe of resistance (worn)
 H - the +0 pair of gloves "Lizxypp" (worn) {rF- rC+ Regen+ Dex+3}
   (You found it on level 3 of the Elven Halls)

   Dex+3:     It affects your dexterity (+3).
   rF-:       It makes you vulnerable to fire.
   rC+:       It protects you from cold.
   Regen+:    It increases your rate of health regeneration.
 X - a +2 helmet of see invisible (worn)
 Z - the +0 pair of boots of Lidah (worn) {rF+ Str+2 Int+3}
   (You found it on level 14 of the Dungeon)

   Str+2:     It affects your strength (+2).
   Int+3:     It affects your intelligence (+3).
   rF+:       It protects you from fire.
Jewellery
 e - the amulet of Bumeugapn (around neck) {Reflect *Corrode rElec Dex+6 SH+5}
   (You took it off a merfolk on level 4 of the Shoals)

   [amulet of reflection]

   Reflect:   It reflects blocked missile attacks.
   Dex+6:     It affects your dexterity (+6).
   rElec:     It insulates you from electricity.
   *Corrode:  It may corrode you when you take damage.
   SH+5:      It affects your SH (+5).
 h - the ring "Ifod" (right hand) {rPois rN+ Will+ Dex+6 Stlth+}
   (You bought it in a shop on level 2 of the Elven Halls)

   [ring of dexterity]

   Dex+6:     It affects your dexterity (+6).
   rPois:     It protects you from poison.
   rN+:       It protects you from negative energy.
   Will+:     It increases your willpower.
   Stlth+:    It makes you more stealthy.
 w - the ring "Fachedgh" {rElec Will+ Int+3}
   (You took it off a deep elf demonologist on level 3 of the Elven Halls)

   [ring of willpower]

   Int+3:     It affects your intelligence (+3).
   rElec:     It insulates you from electricity.
   Will+:     It increases your willpower.
 C - a ring of protection from cold
 F - the ring of Xuyh Zil {rF+ EV+5 Stlth+}
   (You took it off an ironbound thunderhulk on level 4 of the Vaults)

   [ring of evasion]

   EV+5:      It affects your evasion (+5).
   rF+:       It protects you from fire.
   Stlth+:    It makes you more stealthy.
 L - the ring "Uxzass" {+Blink Fly rF+}
   (You took it off a deep elf death mage on level 3 of the Elven Halls)

   [ring of protection from fire]

   rF+:       It protects you from fire.
   Fly:       It grants you flight.
   +Blink:    It lets you blink.
 M - the ring "Yhesat" {rN+ SInv}
   (You took it off a yaktaur captain on level 3 of the Vaults)

   [ring of see invisible]

   rN+:       It protects you from negative energy.
   SInv:      It lets you see invisible.
 R - a ring of resist corrosion (left hand)
 W - a ring of willpower
Wands
 n - a wand of paralysis (33)
 y - a wand of flame (77)
 D - a wand of warping (21)
 J - a wand of digging (12)
 N - a wand of mindburst (26)
 Y - a wand of light (24)
Scrolls
 d - 6 scrolls of immolation
 i - 5 scrolls of fog
 j - 10 scrolls of identify {@r1}
 l - a scroll of butterflies
 o - 8 scrolls of vulnerability
 p - 6 scrolls of enchant armour
 u - a scroll of blinking
 v - 5 scrolls of fear
 z - a scroll of revelation
 I - 5 scrolls of poison
Potions
 a - 5 potions of ambrosia
 g - 6 potions of invisibility
 q - 3 potions of brilliance
 r - 14 potions of curing {@q1}
 s - 5 potions of lignification
 x - 10 potions of enlightenment
 B - 6 potions of might
 G - 3 potions of cancellation
 K - a potion of berserk rage {!q}
 S - a potion of attraction
 V - 6 potions of resistance
Miscellaneous
 f - a condenser vane
 O - a Gell's gravitambourine (2/2)
 P - a sack of spiders
 T - a phantom mirror
 U - a lightning rod (4/4)

Dungeon Overview and Level Annotations

Branches:
Dungeon (15/15)            Temple (0/1) D:7            Lair (5/5) D:10
 Shoals (4/4) Lair:2       Spider (4/4) Lair:2        Slime (0/5) Lair:5
    Orc (2/2) D:9             Elf (3/3) Orc:2        Vaults (4/5) D:13
  Crypt (0/3) Vaults:2     Depths (2/4) D:15          IceCv (visited)

Altars:
Ashenzari
Cheibriados
Elyvilon
Gozag
Kikubaaqudgha
Nemelex Xobeh
Ru
Sif Muna
Trog
Uskayaw
Vehumet
Wu Jian
Xom
Yredelemnul
Beogh
Jiyva

Shops:
D:7 *   D:14 [   Orc:1 ::!   Orc:2 =[?(   Elf:2 ::=   Shoals:1 (   Shoals:2 *
Shoals:3 :   Vaults:2 (   Vaults:3 (   Vaults:4 !!   Depths:1 *

Portals:
Hell: Depths:1
Pandemonium: Depths:1 Depths:2

Annotations:
Lair:5 exclusion: 5 oklob plants
Shoals:2 1 runed translucent door, Hicvu's ghost, adept DsGl

▒.i...Q.D..▒[XhD[§.▒D.......
▒.......ßX.▒▒.i(GZ▒▒ zß.....
▒▒....i.Q.D.h▒▒.[)▒▒ ......
▒..§§.iDb.ßD○b▒▒[▒▒?
▒!......b....bbbW....
▒.....D...ib.ßb.b)...
▒▒.....ßb..bbbbß.b.ß.
▒▒......bbbbbbbbbb2..
▒▒.....ybbb@bb.○b....
▒+...b..bbb▒▒▒▒▒▒▒ .
+▒.bb.bb▒▒ .) i ▒▒▒?.b▒▒ .○.
▒▒▒. ▒▒▒▒▒ .... ▒▒▒▒.u.
.ß..▒▒.)..GZ .....§§Y..W.
.ß...HyGi§G. .....zT.DWX.


You could see a shadow dragon (ally target), a golden dragon, a storm dragon
(unable to see you, ally target), a quicksilver dragon, a reaper (ally target),
a spark wasp (unable to see you, ally target), a spriggan rider, a nameless
horror, a glowing orange brain, a shadow wraith (invisible), a spriggan
berserker (berserk, ally target), a spriggan air mage (repels missiles), a polar
bear (summoned, berserk, unable to see you, ally target), a tengu conjurer and a
frost giant zombie (unable to see you).


Message History

Press: ? - help, Dir - move target
Found a scroll of identify and 8 stones.
As you read the scroll of blinking, it crumbles to dust.
You hear a shout!
The spriggan air mage waves its arms in wide circles.
The air twists around and strikes you!!
* * * LOW HITPOINT WARNING * * *
Unknown command.
Unknown command.
Unknown command.
Found a leather armour.
The spark wasp bursts into living lightning!
The living lightning misses you.
The spark wasp blinks! x2
A reaper comes into view. It is wielding a +4 heavy scythe.
Found a scroll of teleportation.
The spriggan berserker pulls the alarm!
The alarm trap emits a blaring wail!
A sentinel's mark forms upon you.
You hear a shout!
You hear a deafening roar!
You hear a shout! x2
You hear a horrible gurgling sound!
You hear a shout! x2
You hear a horrible gurgling sound! x2; You hear a chilling moan.
You hear a horrible gurgling sound! x2; You hear a shout!
You hear a horrible gurgling sound! x3
Unknown command.
As you read the scroll of butterflies, it crumbles to dust.
You hear the flapping of tiny wings.
The spark wasp is knocked back by the sudden gust.
You hear a horrible gurgling sound!
The spriggan air mage waves its arms in wide circles.
The air twists around and strikes you!
You die...

Skill      XL: |  1  2  3  4  5  6  7  8  9 10 11 12 13 14 15 16 17 18 19 20 21 22 |
---------------+-------------------------------------------------------------------+-----
Spellcasting   | 4 5 6 7 8 12 14 16 17 19 20 | 20.0
Summonings     | 5 6 8 11 12 14 15 16 18 19 20 22 | 22.9
Fire Magic     | 1 2 3 4 5 |  5.0
Air Magic      | 1 2 3 4 5 |  5.0
Shields        | 1 2 4 5 6 7 9 11 12 | 12.6
Fighting       | 4 6 9 10 11 13 14 15 16 | 16.7
Dodging        | 6 7 10 13 15 16 18 19 20 21 22 | 22.9
Hexes          | 4 5 |  5.0
Evocations     | 3 |  3.3
Translocations | 5 8 |  8.0
Stealth        | |  2.4

Action                     |  1- 3 |  4- 6 |  7- 9 | 10-12 | 13-15 | 16-18 | 19-21 | 22-24 || total
---------------------------+-------+-------+-------+-------+-------+-------+-------+-------++-------
  Melee: Unarmed           |    15 |    12 |    12 |    39 |    31 |    16 |       |       ||   125
         Hand axe          |       |       |       |       |       |    45 |     8 |       ||    53
         Spear             |       |       |       |       |       |       |    43 |     2 ||    45
   Cast: Summon Small Mamm |    33 |    17 |    16 |    13 |     2 |     1 |     3 |       ||    85
         Call Imp          |     5 |    25 |    46 |    78 |    59 |       |       |       ||   213
         Call Canine Famil |       |    19 |    40 |    71 |    80 |     1 |    10 |       ||   221
         Summon Lightning  |       |       |    12 |    70 |   168 |     2 |       |       ||   252
         Summon Blazeheart |       |       |     1 |    29 |    64 |       |       |       ||    94
         Summon Mana Viper |       |       |       |       |    94 |     5 |    12 |       ||   111
         Summon Ice Beast  |       |       |       |       |     4 |       |       |       ||     4
         Summon Hydra      |       |       |       |       |   102 |   520 |   259 |     4 ||   885
         Monstrous Menager |       |       |       |       |     9 |   211 |    95 |     3 ||   318
         Summon Forest     |       |       |       |       |       |     2 |    32 |       ||    34
         Dragon's Call     |       |       |       |       |       |       |    41 |     7 ||    48
         Summon Horrible T |       |       |       |       |       |       |    18 |     9 ||    27
  Evoke: Wand              |       |       |       |     2 |       |     1 |     3 |       ||     6
         Lightning rod     |       |       |       |       |     4 |     2 |     3 |       ||     9
         Phantom mirror    |       |       |       |       |     1 |       |       |       ||     1
         Sack of spiders   |       |       |       |       |       |       |     1 |       ||     1
    Use: Scroll            |       |     6 |     5 |     2 |    14 |    25 |     7 |     8 ||    67
         Potion            |       |       |     1 |     2 |     9 |     4 |     3 |    15 ||    34
   Stab: Distracted        |       |       |       |     1 |     1 |     1 |     5 |       ||     8
 Armour: Robe              |    12 |    23 |    24 |     6 |   131 |   249 |   118 |    19 ||   582
         Ring mail         |       |       |       |    56 |    52 |       |       |       ||   108
  Dodge: Dodged            |    15 |    31 |    21 |    49 |   184 |   441 |   222 |    67 ||  1030
  Block: Other             |     7 |     2 |       |       |       |       |       |       ||     9
         Buckler           |       |    33 |    39 |    79 |   210 |   356 |   163 |    42 ||   922
         Reflection        |       |       |     1 |     5 |    20 |    79 |    42 |     1 ||   148

Levels and vault maps discovered:
D:1:      dpeg_arrival_caged_fury, layout_basic
D:2:      layout_loops_ring, nicolae_elevator_lobby_plus, uniq_robin,
          uniq_jessica
D:3:      layout_loops_corners, mainiacjoe_overflow_brackets, marbit_many_paths,
          nicolae_ru_the_path_less_chosen
D:4:      layout_basic, serial_aquarium, aquarium_bridge_long_separate
          [aquarium_subvault_wall, aquarium_subvault_window,
          aquarium_subvault_bridge, aquarium_subvault_window,
          aquarium_subvault_bridge, aquarium_subvault_balcony],
          aquarium_window_1, aquarium_window_3, aquarium_window_fake,
          aquarium_window_fake, aquarium_view_2b, aquarium_view_2a
D:5:      layout_rooms
D:6:      layout_loops_ring, nicolae_overflow_hidden_temple,
          overflow_temple_1_default, uniq_duvessa, uniq_eustachio
D:7:      layout_basic, kennysheep_little_box, minmay_temple_entry_glassed_door,
          serial_shops, nicolae_shop_drivethru, minmay_holes,
          hangedman_misty_isle
D:8:      layout_rooms, bh_walls_and_bars
D:9:      layout_long_grid, nicolae_yredelemnul_ghost_church, hiddenorc2_lemuel,
          uniq_harold
D:10:     layout_loops_corners, nicolae_elyvilon_temple_path,
          mainiacjoe_overflow_big_doors, grunt_lair_entry_orc_guard_hut
D:11:     layout_basic, gammafunk_ghost_ooze
D:12:     layout_irregular_city
D:13:     layout_gridville, ximxim_vaults_locker_room,
          portal_ice_cave_entry_pillars_1
D:14:     minmay_octagon_keep, layout_long_grid, nicolae_the_louvre,
          serial_shops, shop, dk_noncrumbling_3,
          serial_library_hellmonk_small_alcove, grunt_ministairs_1, uniq_agnes,
          uniq_azrael
D:15:     grunt_enter_depths_magical_seal, layout_stronghold
Lair:1:   layout_roguey, grunt_megastairs_1
Lair:2:   layout_gridlike, elwin_shoals_entry_rocks,
          spider_nest_entry_web_field, lemuel_fruit_tree
Lair:3:   layout_loops_ring
Lair:4:   layout_cave_pods, serial_bayou_shore_b
Lair:5:   cheibrodos_lair_end_hotspot, layout_regular_city, slime_entry_1,
          dpeg_oklob_1
Shoals:1: layout_shoals, serial_shops, shop, nicolae_shoals_cliffside_cave,
          uniq_nikola
Shoals:2: layout_shoals, ebering_ghost_reflecting_pool, serial_shops, shop,
          lemuel_centaur_altar, uniq_ilsuiw
Shoals:3: layout_shoals, serial_shops, nicolae_shop_pleasant_corner_grove,
          nicolae_shoals_sun_and_surf
Shoals:4: shoals_end_hellmonk_lost_city
Spider:1: layout_spider_delve, nicolae_spider_nook
Spider:2: layout_spider_delve
Spider:3: layout_spider_delve, uniq_louise
Spider:4: floodkiller_spider_rune_tomb
Orc:1:    layout_caves, serial_shops, shop, shop, shop, uniq_sonja
Orc:2:    kennysheep_orc_mage_school, layout_caves, uniq_rupert, uniq_maurice
Elf:1:    eino_elf_arrival_customs, layout_geoelf_grid,
          nicolae_elf_shapeshifter_party, minmay_misc_feat_diagonals, uniq_kirke
Elf:2:    nicolae_elf_blades_crystal_corner, layout_gridlike, drop_trap,
          minmay_shop_grove
Elf:3:    grunt_elf_hall_asides, layout_geoelf_octagon, corexii_hall_statues_u,
          hangedman_glass_teeth, st_stairs_3
Vaults:1: vaults_dpeg_diagonal, hangedman_vaults_nails,
          nicolae_vaults_hallways_thing, nicolae_vaults_sightless_eye,
          nicolae_vaults_sesquioval_fish, nicolae_vaults_network_quincunx
          [nicolae_vaults_network_quincunx_subvault,
          nicolae_vaults_network_quincunx_subvault,
          nicolae_vaults_network_quincunx_subvault,
          nicolae_vaults_network_quincunx_subvault,
          nicolae_vaults_network_quincunx_subvault],
          nicolae_vaults_ninety_degrees, nicolae_vaults_closet_pinwheel_2,
          nicolae_vaults_variable_pillar_hall, nicolae_vaults_double_plus_2,
          hangedman_vaults_impose, nicolae_vaults_little_squares_1,
          nicolae_vaults_apartment_1, nicolae_vaults_little_squares_4,
          layout_vaults_maze_snakey, uniq_donald
Vaults:2: nicolae_vaults_little_squares_4, nicolae_vaults_border_crossing,
          nicolae_vaults_twisting_passages, minmay_crypt_entry_simple_corners,
          ontoclasm_vaults_loading_screen, hangedman_vaults_maws,
          nicolae_vaults_little_squares_2, nicolae_vaults_big_ls,
          layout_vaults_big_room, serial_shops, nicolae_shop_tiny_statue_garden,
          uniq_sojobo, uniq_frederick, uniq_mennas
Vaults:3: nicolae_vaults_mitosis, nicolae_vaults_prndl,
          nicolae_vaults_storing_the_good_stuff, hangedman_vaults_nodes,
          v_rooms_6, v_misc_28, dpeg_vaults_monster_row, vaults_dpeg_cross,
          nicolae_vaults_steering_wheel, nicolae_vaults_little_squares_3,
          layout_vaults_ring, serial_shops, shop, uniq_asterion, uniq_jory,
          uniq_margery
Vaults:4: ontoclasm_vaults_bender, vaults_dpeg_spiral,
          grunt_vaults_hallway_short, v_misc_1, ontoclasm_vaults_chip,
          nicolae_vaults_security_offices_6, hangedman_vaults_maws,
          layout_vaults_omnigrid, serial_shops, shop, nicolae_diamond_shop,
          uniq_mara
Depths:1: layout_cave_pools, hangedman_decor_points, serial_bayou,
          serial_bayou_pond_d, serial_bayou_pond_e, serial_bayou_lagoon_b,
          serial_bayou_pond_a, nicolae_abyss_entry_one_way_or_another,
          pan_entry, hell_entry, minmay_misc_feat_iff, lemuel_statue_altar,
          nicolae_shop_overcharged_wands
Depths:2: grunt_profane_halls [grunt_profane_loot, grunt_profane_temple_dis,
          grunt_profane_temple_tar, grunt_profane_temple_coc,
          grunt_profane_temple_geh], hell_entry, abyss_entry, pan_entry

Notes
Turn   | Place    | Note
-------+----------+-------------------------------------------
     0 | D:1      | cforsyth the Deep Elf Summoner began the quest for the Orb.
     0 | D:1      | Reached XP level 1. HP: 10/10 MP: 6/6
     1 | D:1      | Found a runed translucent door.
   316 | D:1      | Reached XP level 2. HP: 15/15 MP: 4/8
   653 | D:1      | Learned a level 2 spell: Call Imp
   930 | D:2      | Noticed Jessica
   943 | D:2      | Upgraded the game from 0.32-a0-841-g4648e6c457 to
                  | 0.32-a0-859-gb0a091d592
   944 | D:2      | Killed Jessica
   945 | D:2      | Reached skill level 4 in Spellcasting
   945 | D:2      | Reached skill level 5 in Summonings
   945 | D:2      | Reached XP level 3. HP: 19/19 MP: 4/10
  1074 | D:2      | Noticed Robin
  1087 | D:2      | Killed Robin
  1110 | D:2      | Reached XP level 4. HP: 18/24 MP: 7/12
  1129 | D:2      | Learned a level 3 spell: Call Canine Familiar
  1373 | D:2      | You fall into a shaft and drop 1 floor!
  1516 | D:3      | Reached skill level 5 in Spellcasting
  1864 | D:3      | Reached XP level 5. HP: 28/28 MP: 6/14
  1929 | D:3      | Found an ornate altar of the Wu Jian Council.
  2541 | D:3      | Reached skill level 1 in Fire Magic
  2777 | D:3      | Found a shimmering blue altar of Sif Muna.
  2941 | D:3      | Became a worshipper of Sif Muna the Loreminder
  3040 | D:3      | Found a sacrificial altar of Ru.
  3259 | D:4      | Reached skill level 1 in Air Magic
  3313 | D:4      | Noticed a phantom
  3353 | D:4      | Killed a phantom
  3354 | D:4      | Reached skill level 1 in Shields
  3371 | D:4      | Reached XP level 6. HP: 32/32 MP: 16/16
  3416 | D:4      | Reached skill level 6 in Summonings
  3635 | D:4      | Reached skill level 2 in Fire Magic
  3635 | D:4      | Reached skill level 2 in Air Magic
  3640 | D:4      | Learned a level 4 spell: Summon Blazeheart Golem
  3646 | D:4      | Learned a level 4 spell: Summon Lightning Spire
  3712 | D:4      | Reached skill level 6 in Spellcasting
  3722 | D:4      | Reached * piety under Sif Muna
  4066 | D:4      | Reached XP level 7. HP: 36/36 MP: 13/18
  4237 | D:5      | Entered Level 5 of the Dungeon
  4355 | D:5      | Reached skill level 2 in Shields
  4410 | D:5      | Reached skill level 3 in Fire Magic
  4410 | D:5      | Reached skill level 3 in Air Magic
  4995 | D:6      | Reached skill level 7 in Spellcasting
  4995 | D:6      | Reached XP level 8. HP: 29/41 MP: 12/20
  5121 | D:6      | Found a snail-covered altar of Cheibriados.
  5207 | D:6      | Reached skill level 7 in Summonings
  5316 | D:6      | Noticed Eustachio
  5331 | D:6      | Killed Eustachio
  5332 | D:6      | Reached skill level 3 in Shields
  5332 | D:6      | Reached skill level 4 in Fire Magic
  5332 | D:6      | Reached skill level 4 in Air Magic
  5753 | D:6      | Noticed Dowan
  5754 | D:6      | Noticed Duvessa
  5775 | D:6      | Killed Duvessa
  5780 | D:6      | Killed Dowan
  5901 | D:6      | Reached skill level 8 in Spellcasting
  5936 | D:6      | Found a hide-covered altar of Uskayaw.
  6037 | D:6      | Identified a +1 robe of resistance
  6085 | D:6      | Reached skill level 4 in Shields
  6151 | D:6      | Reached ** piety under Sif Muna
  6152 | D:6      | Reached skill level 8 in Summonings
  6557 | D:7      | Reached XP level 9. HP: 45/45 MP: 11/23
  6572 | D:7      | Reached skill level 9 in Spellcasting
  6722 | D:7      | Found a staircase to the Ecumenical Temple.
  7033 | D:7      | Found a broken altar of Ashenzari.
  7062 | D:7      | Reached skill level 5 in Shields
  7204 | D:7      | Found a transporter.
  7204 | D:7      | Found Zonaog's Assorted Antiques.
  7239 | D:7      | Found a transporter.
  7394 | D:7      | Reached skill level 9 in Summonings
  7408 | D:7      | Reached skill level 10 in Spellcasting
  7484 | D:7      | Reached *** piety under Sif Muna
  7769 | D:7      | Bought a scroll labelled NAUXOBL ISOXAE for 27 gold pieces
  7769 | D:7      | Bought a scroll of identify for 54 gold pieces
  7769 | D:7      | Bought a scroll labelled GETREP SOATAGA for 27 gold pieces
  7882 | D:8      | Identified a potion of experience
  7883 | D:8      | Reached skill level 4 in Fighting
  7883 | D:8      | Reached skill level 6 in Dodging
  7883 | D:8      | Reached skill level 12 in Spellcasting
  7883 | D:8      | Reached skill level 11 in Summonings
  7883 | D:8      | Reached XP level 10. HP: 56/56 MP: 25/28
  8072 | D:8      | Identified the +7 ring mail "Daaxt" {rC+}
  8923 | D:9      | Reached skill level 7 in Dodging
  8935 | D:9      | Noticed Harold
  8953 | D:9      | Killed Harold
  8954 | D:9      | Reached XP level 11. HP: 57/62 MP: 7/29
  9066 | D:9      | Found a staircase to the Orcish Mines.
  9433 | D:9      | Reached **** piety under Sif Muna
  9495 | D:9      | Found a runed translucent gate.
  9495 | D:9      | Found a runed translucent gate.
  9495 | D:9      | Found a runed translucent gate.
  9495 | D:9      | Noticed MrSquiggles's ghost (novice DsWn)
  9522 | D:9      | Found a basalt altar of Yredelemnul.
  9690 | D:9      | Reached skill level 5 in Fighting
  9703 | D:9      | Reached skill level 8 in Dodging
 10182 | D:10     | Entered Level 10 of the Dungeon
 10193 | D:10     | Found an opulent altar of Gozag.
 10203 | D:10     | Found a bloodstained altar of Trog.
 10394 | D:10     | Reached skill level 12 in Summonings
 10821 | D:10     | Reached skill level 9 in Dodging
 10869 | D:10     | Found a white marble altar of Elyvilon.
 11169 | D:10     | Noticed a catoblepas
 11194 | D:10     | Killed a catoblepas
 11195 | D:10     | Reached skill level 6 in Fighting
 11795 | D:10     | Found a staircase to the Lair.
 12256 | D:11     | Reached skill level 10 in Dodging
 12287 | D:11     | Found a runed translucent gate.
 12288 | D:11     | Found a runed translucent gate.
 12288 | D:11     | Found a runed translucent gate.
 12288 | D:11     | Noticed a great orb of eyes
 12288 | D:11     | Noticed Mueluromm's ghost (novice DsIE)
 12320 | D:11     | Noticed a two-headed ogre
 12341 | D:11     | Killed a two-headed ogre
 12498 | D:11     | Noticed a boulder beetle
 12515 | D:11     | Killed a boulder beetle
 12706 | D:11     | Found a viscous altar of Jiyva.
 12855 | D:11     | Reached XP level 12. HP: 71/71 MP: 21/30
 13156 | D:12     | Reached skill level 7 in Fighting
 13257 | D:12     | Noticed a boulder beetle
 13282 | D:12     | Killed a boulder beetle
 13305 | D:12     | Reached skill level 5 in Fire Magic
 13305 | D:12     | Reached skill level 5 in Air Magic
 13354 | D:12     | Reached skill level 11 in Dodging
 13867 | D:12     | Identified the blade talisman "Fuklirum" {Fly Slay+2}
 14015 | Lair:1   | Entered Level 1 of the Lair of Beasts
 14155 | Lair:1   | Reached skill level 8 in Fighting
 14917 | Lair:1   | Noticed a catoblepas
 14927 | Lair:1   | Killed a catoblepas
 15107 | Lair:2   | Reached skill level 12 in Dodging
 15115 | Lair:2   | Reached ***** piety under Sif Muna
 15327 | Lair:2   | Found a staircase to the Shoals.
 15504 | Lair:2   | Found a hole to the Spider Nest.
 16515 | D:1      | Received a gift from Sif Muna
 16679 | D:9      | Killed MrSquiggles's ghost
 16680 | D:9      | Reached skill level 9 in Fighting
 16859 | Lair:3   | Reached skill level 13 in Dodging
 17040 | Lair:3   | Reached XP level 13. HP: 68/80 MP: 25/31
 19421 | Lair:5   | Entered Level 5 of the Lair of Beasts
 19433 | Lair:5   | Reached skill level 14 in Dodging
 19465 | Lair:5   | Reached skill level 10 in Fighting
 19860 | Lair:5   | Found a staircase to the Slime Pits.
 19861 | Lair:5   | Found a viscous altar of Jiyva.
 20456 | Lair:5   | Received a gift from Sif Muna
 20559 | Lair:5   | Got Sif Muna's Tractate on Signs and Places {god gift}
 20571 | Lair:5   | Identified 2 potions of resistance
 20610 | Lair:5   | Reached skill level 1 in Hexes
 20847 | Lair:5   | Reached skill level 1 in Evocations
 21293 | Lair:5   | Found a large runed translucent door.
 21409 | Lair:5   | Reached skill level 2 in Hexes
 21422 | Lair:5   | HP: 7/83 [molten gargoyle/bolt of magma (33)]
 21429 | Lair:5   | Reached skill level 2 in Evocations
 21683 | Lair:5   | Found a large runed translucent door.
 21697 | Lair:5   | Reached skill level 3 in Hexes
 22755 | Lair:5   | Learned a level 5 spell: Summon Mana Viper
 22770 | Lair:5   | Reached skill level 15 in Dodging
 22770 | Lair:5   | Reached skill level 3 in Evocations
 22907 | Lair:5   | Identified the +2 leather armour "Cejinwug" {rN+ Int+2}
 24051 | Orc:1    | Entered Level 1 of the Orcish Mines
 24071 | D:9      | Reached skill level 4 in Hexes
 24529 | Orc:1    | Reached XP level 14. HP: 88/88 MP: 18/32
 24676 | Orc:1    | Found Dentevuy's Book Shoppe.
 24684 | Orc:1    | Bought a book of Beasts for 396 gold pieces
 24688 | Orc:1    | Learned a level 3 spell: Summon Ice Beast
 24696 | Orc:1    | Learned a level 7 spell: Monstrous Menagerie
 24798 | Orc:1    | Found Kuwoza's Book Shop.
 24806 | Orc:1    | Bought a book of Blood for 336 gold pieces
 24820 | Orc:1    | Learned a level 7 spell: Summon Hydra
 24910 | Orc:2    | Entered Level 2 of the Orcish Mines
 24917 | Orc:2    | Noticed Rupert
 24930 | Orc:2    | Killed Rupert
 25179 | Orc:2    | Found a staircase to the Elven Halls.
 25645 | Orc:2    | Received a gift from Sif Muna
 25646 | Orc:2    | Reached skill level 5 in Hexes
 25649 | Orc:2    | Got Sif Muna's Catalogue of the Byakko {god gift}
 25828 | Orc:2    | Reached skill level 11 in Fighting
 25906 | Orc:2    | Noticed Maurice
 25933 | Orc:2    | Killed Maurice
 26073 | Orc:2    | Found an ancient bone altar of Kikubaaqudgha.
 26379 | Orc:1    | Noticed Sonja
 26495 | Orc:2    | Killed Sonja
 26496 | Orc:2    | Reached skill level 13 in Summonings
 26753 | Orc:1    | Found Qyaset's Distillery.
 26777 | Orc:1    | Bought a potion of heal wounds for 60 gold pieces
 26777 | Orc:1    | Bought a potion of haste for 120 gold pieces
 26777 | Orc:1    | Bought a potion of magic for 96 gold pieces
 26944 | Orc:2    | Found Umasm's Antique Weapon Boutique.
 27172 | Orc:2    | Noticed Erolcha
 27190 | Orc:2    | Killed Erolcha
 27413 | Orc:2    | Found a roughly hewn altar of Beogh.
 27413 | Orc:2    | Found Lanudwegou's Magic Scroll Boutique.
 27420 | Orc:2    | Found Ujuocot's Jewellery Shop.
 27422 | Orc:2    | Bought a scroll of identify for 22 gold pieces
 27422 | Orc:2    | Bought a scroll of identify for 22 gold pieces
 27426 | Orc:2    | Identified a scroll of acquirement
 27434 | Orc:2    | Found Zonnoek's Antique Armour Shop.
 27452 | Orc:2    | Found a radiant altar of Vehumet.
 27909 | D:11     | Killed Mueluromm's ghost
 28383 | D:13     | Found a frozen archway.
 28397 | IceCv    | Entered an ice cave
 28585 | IceCv    | Reached skill level 16 in Dodging
 30015 | IceCv    | Noticed a reaper
 30061 | IceCv    | Killed a reaper
 31336 | D:13     | Reached skill level 14 in Summonings
 31386 | D:13     | Found a gate to the Vaults.
 31843 | D:14     | Reached XP level 15. HP: 96/96 MP: 23/33
 31852 | D:14     | Noticed Agnes
 31853 | D:14     | Reached skill level 6 in Shields
 31858 | D:14     | Killed Agnes
 31869 | D:14     | Noticed Azrael
 32399 | D:14     | Reached skill level 12 in Fighting
 33357 | D:14     | Killed Azrael
 33659 | D:14     | Received a gift from Sif Muna
 33663 | D:14     | Got Sif Muna's Textbook on the Discontinuous Salvo {god
                  | gift}
 33830 | D:14     | Found Seri's Armour Emporium.
 34040 | D:14     | Identified the +0 pair of boots of Lidah {rF+ Str+2 Int+3}
 34168 | D:14     | Reached skill level 17 in Dodging
 34997 | D:15     | Entered Level 15 of the Dungeon
 35486 | D:15     | Reached skill level 15 in Summonings
 36949 | D:15     | Found a staircase to the Depths.
 37424 | Spider:1 | Entered Level 1 of the Spider Nest
 37615 | Spider:1 | Received a gift from Sif Muna
 37617 | Spider:1 | Got Sif Muna's Almanac of the Burn and Despicable Rituals
                  | {god gift}
 37695 | Spider:1 | Reached skill level 18 in Dodging
 37698 | Spider:1 | Reached skill level 13 in Fighting
 39840 | Spider:1 | Reached XP level 16. HP: 104/104 MP: 20/34
 41656 | Spider:2 | Reached skill level 16 in Summonings
 42691 | Spider:2 | Identified the +6 halberd of the Twisting Goat {drain, rF-
                  | Will+ Int+2 Dex+6}
 43271 | Spider:2 | Reached skill level 13 in Spellcasting
 44285 | Spider:3 | Received a gift from Sif Muna
 44484 | Spider:3 | Got Sif Muna's Reference Book on the Sixfirhy {god gift}
 44902 | Spider:3 | Noticed Louise
 46401 | Spider:3 | Reached skill level 19 in Dodging
 47266 | Spider:3 | Killed Louise
 47894 | Spider:3 | Identified the +5 chain mail of Sin {rF+ Str+5 Int-5}
 48031 | Spider:4 | Entered Level 4 of the Spider Nest
 48961 | Spider:3 | Reached skill level 14 in Spellcasting
 49872 | Spider:4 | Reached skill level 14 in Fighting
 50418 | Spider:4 | Reached XP level 17. HP: 111/111 MP: 22/37
 50899 | Spider:4 | Reached skill level 17 in Summonings
 53545 | Spider:4 | Identified the +4 great sword of Fedhas's Approval
                  | {protect, rC++ rN+ Will+}
 54095 | Spider:4 | Received a gift from Sif Muna
 54099 | Spider:4 | Got Sif Muna's Grimoire of the Corresponding Pyre {god
                  | gift}
 54106 | Spider:4 | Learned a level 5 spell: Summon Forest
 54586 | D:14     | Bought a +2 helmet of see invisible for 279 gold pieces
 55120 | Spider:4 | Reached skill level 15 in Spellcasting
 57113 | Spider:4 | Reached skill level 20 in Dodging
 57340 | Spider:4 | Got a gossamer rune of Zot
 57682 | Orc:2    | Bought a scroll of teleportation for 33 gold pieces
 57682 | Orc:2    | Bought a scroll of fog for 44 gold pieces
 57682 | Orc:2    | Bought a scroll of teleportation for 33 gold pieces
 57682 | Orc:2    | Bought a scroll of teleportation for 33 gold pieces
 57831 | Shoals:1 | Entered Level 1 of the Shoals
 57831 | Shoals:1 | Noticed Nikola
 57841 | Shoals:1 | Killed Nikola
 60290 | Shoals:1 | Found Taxtyal's Antique Weapon Boutique.
 60297 | Shoals:1 | Noticed a kraken
 60308 | Shoals:1 | Killed a kraken
 60436 | Shoals:1 | Bought a twisted hand axe for 216 gold pieces
 60436 | Shoals:1 | Identified the +6 hand axe "Emareorall" {speed, rPois
                  | Dex+2} (You bought it in a shop on level 1 of the Shoals)
 60436 | Shoals:1 | Bought a slimy flail for 229 gold pieces
 60436 | Shoals:1 | Identified the +7 flail of Xaxtifej {heavy, rPois} (You
                  | bought it in a shop on level 1 of the Shoals)
 60436 | Shoals:1 | Bought a steaming mace for 216 gold pieces
 60436 | Shoals:1 | Identified the +7 mace "Gilyaxog" {freeze, Str+3 Stlth+}
                  | (You bought it in a shop on level 1 of the Shoals)
 61863 | Shoals:2 | Found a runed translucent door.
 61869 | Shoals:2 | Found a shimmering altar of Xom.
 62541 | Shoals:2 | Found Olyafiuva's General Store.
 62549 | Shoals:2 | Bought 3 scrolls of identify for 114 gold pieces
 62762 | Shoals:2 | Noticed Ilsuiw
 63043 | Shoals:2 | Killed Ilsuiw
 63044 | Shoals:2 | Reached skill level 16 in Spellcasting
 63426 | Shoals:2 | Noticed Hicvu's ghost (adept DsGl)
 64128 | Shoals:3 | Reached skill level 18 in Summonings
 64238 | Shoals:3 | Reached XP level 18. HP: 111/118 MP: 12/40
 65386 | Shoals:3 | Found Kob Saiwn's Book Shoppe.
 65401 | Shoals:3 | Received a gift from Sif Muna
 65722 | Shoals:3 | Reached skill level 15 in Fighting
 66461 | Shoals:3 | Identified the +5 war axe of Valour {drain, ^Drain Str+5}
 67499 | Shoals:4 | Entered Level 4 of the Shoals
 68572 | Shoals:4 | Identified the amulet of Bumeugapn {Reflect *Corrode rElec
                  | Dex+6 SH+5}
 69777 | Shoals:4 | Reached skill level 21 in Dodging
 70347 | Shoals:4 | Reached skill level 17 in Spellcasting
 72070 | Shoals:4 | Got a barnacled rune of Zot
 72707 | Vaults:1 | Entered Level 1 of the Vaults
 73326 | Vaults:1 | Received a gift from Sif Muna
 73328 | Vaults:1 | Got Leabutri's Quarto of Rocky Conjuration {god gift}
 73747 | Vaults:1 | Reached skill level 19 in Summonings
 74794 | Vaults:1 | Reached XP level 19. HP: 125/125 MP: 25/42
 75001 | Vaults:1 | Noticed Donald
 75111 | Vaults:1 | Killed Donald
 76026 | Vaults:1 | Reached skill level 18 in Spellcasting
 77036 | Vaults:1 | Identified the +1 spear of a ziggurat {freeze, rElec Will+
                  | Str-2 Stlth+}
 78870 | Vaults:2 | Noticed Sojobo
 78888 | Vaults:2 | Killed Sojobo
 79110 | Vaults:2 | Reached skill level 16 in Fighting
 79481 | Vaults:2 | Reached skill level 22 in Dodging
 79767 | Vaults:2 | Reached skill level 7 in Shields
 79936 | Vaults:2 | Identified the +0 tower shield of the Louse {rF- rCorr
                  | Dex+5}
 79936 | Vaults:2 | Noticed Mennas
 80225 | Elf:1    | Entered Level 1 of the Elven Halls
 80933 | Elf:1    | Noticed Kirke
 80942 | Elf:1    | Killed Kirke
 81419 | Elf:1    | Received a gift from Sif Muna
 81422 | Elf:1    | Got Sif Muna's Directory of Ill-omened Iosis {god gift}
 83651 | Elf:2    | Reached skill level 19 in Spellcasting
 83755 | Elf:2    | Found a runed translucent gate.
 83756 | Elf:2    | Found a runed translucent gate.
 83756 | Elf:2    | Found a runed translucent gate.
 83911 | Elf:2    | Reached XP level 20. HP: 68/132 MP: 4/45
 84535 | Elf:2    | Found Banathrof's Book Shop.
 84536 | Elf:2    | Found Vaec's Jewellery Emporium.
 84538 | Elf:2    | Found Wuaxzea's Book Shop.
 84554 | Elf:2    | Bought the ring "Ifod" {rPois rN+ Will+ Dex+6 Stlth+} for
                  | 1076 gold pieces
 84878 | Elf:2    | Reached skill level 20 in Summonings
 85111 | Elf:2    | Received a gift from Sif Muna
 85112 | Elf:2    | Reached skill level 8 in Shields
 85112 | Elf:2    | Got Sif Muna's Omnibus of the Jaunt {god gift}
 85390 | Elf:2    | Reached skill level 1 in Translocations
 85970 | Elf:3    | Entered Level 3 of the Elven Halls
 86129 | Elf:3    | Reached skill level 2 in Translocations
 86233 | Elf:3    | Identified the +0 pair of gloves "Lizxypp" {rF- rC+ Regen+
                  | Dex+3}
 87441 | Elf:3    | Identified the +5 flail "Zaimnoho" {venom, rElec rC- rN++
                  | Will+}
 87451 | Elf:3    | Reached skill level 3 in Translocations
 87635 | Elf:3    | Identified a +2 robe of resistance
 87879 | Elf:3    | Identified the +5 halberd "Fisuno" {pain, Stlth+}
 87912 | Elf:3    | Identified the +7 quarterstaff "Beetlebane" {speed, rElec
                  | rC+ Dex+3}
 88312 | Elf:3    | Identified the +5 dagger of the Red Skies {drain, rCorr
                  | Str+2}
 88648 | Elf:3    | Identified the ring "Uxzass" {+Blink Fly rF+}
 88649 | Elf:3    | Identified the +5 plate armour of Beogh's Delight {Str+3}
 88674 | Elf:3    | Received a gift from Sif Muna
 88913 | Elf:3    | Got Sif Muna's Atlas of Rallying {god gift}
 88962 | Elf:3    | Identified the +8 falchion "Erizuod" {antimagic, *Noise
                  | rPois Will++ rCorr}
 89253 | Elf:3    | Identified the +2 long sword of Instant Death {protect, rC+
                  | Str+3}
 89313 | Elf:3    | Identified the ring "Fachedgh" {rElec Will+ Int+3}
 89553 | Elf:3    | Got the Compendium of Assaults
 89572 | Elf:3    | Identified the +8 sling of Beogh, Usurping {flame, Str+2
                  | Dex+3}
 89575 | Elf:3    | Identified the +0 pair of boots "Mauja" {rCorr}
 89808 | Elf:2    | Reached skill level 4 in Translocations
 90125 | Vaults:1 | Learned a level 9 spell: Dragon's Call
 90134 | Vaults:1 | Learned a level 8 spell: Summon Horrible Things
 90359 | Spider:2 | Learned a level 7 spell: Malign Gateway
 90608 | Vaults:1 | Killed Mennas
 91203 | Vaults:2 | Reached skill level 20 in Spellcasting
 91293 | Vaults:2 | Found Niuvog's Antique Weapon Shoppe.
 91314 | Vaults:2 | Identified the orb "Minompuj" {light, rPois}
 91314 | Vaults:2 | Noticed Frederick
 91324 | Vaults:2 | Killed Frederick
 91325 | Vaults:2 | Reached skill level 9 in Shields
 91325 | Vaults:2 | Reached skill level 5 in Translocations
 91470 | Vaults:2 | Bought a smoking war axe for 195 gold pieces
 91470 | Vaults:2 | Identified the +2 war axe "Xathit" {drain, rC+ rN+ MP+9}
                  | (You bought it in a shop on level 2 of the Vaults)
 91650 | Vaults:2 | Reached XP level 21. HP: 137/137 MP: 30/47
 91785 | Vaults:2 | Noticed a curse skull
 91964 | Vaults:1 | Killed a curse skull
 92738 | Vaults:2 | Found a staircase to the Crypt.
 93257 | Vaults:2 | Reached skill level 6 in Translocations
 93564 | Vaults:3 | Received a gift from Sif Muna
 93572 | Vaults:3 | Got Sif Muna's Teachings on the Shot {god gift}
 93751 | Vaults:3 | Reached skill level 21 in Summonings
 93873 | Vaults:3 | Found Ciniucki's Weapon Shoppe.
 94040 | Vaults:3 | Reached skill level 7 in Translocations
 94048 | Vaults:3 | Identified the ring "Yhesat" {rN+ SInv}
 94050 | Vaults:3 | Identified the +1 leather armour of Going Fast {rN++}
 94158 | Vaults:3 | Acquired the +5 robe of Night {Dark Will+ SInv}
 94158 | Vaults:3 | Found the +5 robe of Night {Dark Will+ SInv}
 94167 | Vaults:3 | Identified the +11 short sword of Hagrued {drain, rElec rC+
                  | rCorr Dex-3}
 94211 | Vaults:3 | Noticed Asterion
 94217 | Vaults:3 | Killed Asterion
 94403 | Vaults:3 | Noticed Margery
 94409 | Vaults:3 | Reached skill level 10 in Shields
 94420 | Vaults:3 | Killed Margery
 94438 | Vaults:3 | Noticed Jory
 94690 | Vaults:3 | Killed Jory
 94743 | Vaults:3 | Reached skill level 8 in Translocations
 96210 | Vaults:4 | Reached skill level 11 in Shields
 96404 | Vaults:4 | Noticed Mara
 96409 | Vaults:4 | Killed Mara
 96417 | Vaults:4 | Received a gift from Sif Muna
 96421 | Vaults:4 | Reached skill level 22 in Summonings
 96763 | Vaults:4 | Found Fumo's Distillery.
 96771 | Vaults:4 | Bought a potion of heal wounds for 120 gold pieces
 96771 | Vaults:4 | Bought a potion of haste for 240 gold pieces
 96771 | Vaults:4 | Bought a potion of curing for 72 gold pieces
 96771 | Vaults:4 | Bought a potion of curing for 72 gold pieces
 96771 | Vaults:4 | Bought a potion of curing for 72 gold pieces
 96807 | Vaults:4 | Found Xitoixao's Distillery.
 96812 | Vaults:4 | Identified the ring of Xuyh Zil {rF+ EV+5 Stlth+}
 96885 | Vaults:4 | Bought a potion of magic for 96 gold pieces
 96885 | Vaults:4 | Bought a potion of heal wounds for 60 gold pieces
 96885 | Vaults:4 | Bought a potion of curing for 36 gold pieces
 98047 | Depths:1 | Entered Level 1 of the Depths
 98056 | Depths:1 | Found a one-way gate leading to the halls of Pandemonium.
 98070 | Depths:1 | Reached XP level 22. HP: 143/144 MP: 14/48
 98099 | Depths:1 | Reached skill level 12 in Shields
 98355 | Depths:1 | Found a gateway to Hell.
 98757 | Depths:1 | Found a sparkling altar of Nemelex Xobeh.
 98810 | Depths:1 | Found Leggouci's Overcharged Wands.
 98839 | Depths:1 | You fall into a shaft and drop 1 floor!
 98920 | Depths:2 | Identified the +3 glaive of Halel {vamp, ^Contam Dex+5}
 98920 | Depths:2 | Noticed a golden dragon
 98927 | Depths:2 | Found a hide-covered altar of Uskayaw.
 98991 | Depths:2 | HP: 13/144 [spriggan air mage/the air (21)]
 98994 | Depths:2 | Killed from afar by a spriggan air mage

Vanquished Creatures
  A dire elephant (Vaults:1)
  A yaktaur captain (Vaults:1)
  6 vault guards (D:13)
  A catoblepas (Lair:1)
  A hydra (Lair:5)
  A centaur warrior (Vaults:2)
  4 boulder beetles
  3 deep elf knights (Elf:2)
  2 skeletal warriors (D:12)
  A lindwurm (Lair:5)
  A faun (Shoals:4)
  An ugly thing (D:13)
  2 black mambas (Lair:5)
  A cane toad (Lair:3)
  2 yaktaurs (Vaults:1)
  3 komodo dragons (Lair:5)
  2 blink frogs (Lair:1)
  A wyvern (Lair:5)
  7 yaks
  A steam dragon (Lair:5)
  2 killer bees (D:9)
  3 nameless horrors
  An electric eel (Lair:2)
  A jelly (D:11)
  An orc (D:9)
  A kobold (D:1)
51 creatures vanquished.

Vanquished Creatures (collateral kills)
  Frederick (Vaults:2)
  Mara (Vaults:4)
  Mennas (Vaults:1)
  Sojobo (Vaults:2)
  Margery (Vaults:3)
  Jory (Vaults:3)
  Nikola (Shoals:1)
  Rupert (Orc:2)
  3 deep elf blademasters
  A searing wretch (Vaults:3)
  Asterion (Vaults:3)
  2 deep elf master archers (Elf:3)
  2 sphinxes (Shoals:4)
  A kraken (Shoals:1)
  2 shadow dragons (Depths:2)
  Kirke (Elf:1)
  3 tengu reavers
  Agnes (D:14)
  Ilsuiw (Shoals:2)
  6 deep elf sorcerers
  Donald (Vaults:1)
  Louise (Spider:3)
  A curse skull (Vaults:1)
  4 emperor scorpions
  An iron dragon (Depths:2)
  A ghost moth (Spider:4)
  3 deep elf elementalists
  4 fire giants
  15 vault wardens
  A reaper (IceCv)
  4 very ugly things (Depths:1)
  3 broodmothers
  A stone giant (Depths:2)
  18 ironbound preservers
  2 formless jellyfish
  10 ironbound thunderhulks
  7 deep elf demonologists
  6 dire elephants
  A war gargoyle (Vaults:3)
  9 deep elf death magi
  2 minotaurs (Shoals:4)
  7 deep elf annihilators
  8 spark wasps
  Azrael (D:14)
  4 ettins
  3 merfolk javelineers
  2 fire dragons (Depths:1)
  7 entropy weavers
  2 crystal guardians
  2 merfolk impalers
  8 yaktaur captains
  4 deep elf high priests
  A jorogumo (Spider:4)
  6 great orbs of eyes
  2 ogre magi (D:15)
  3 rakshasas
  Harold (D:9)
  2 hydras
  5 vault guards
  3 peacekeepers
  2 merfolk avatars (Shoals:4)
  A spriggan skeleton (Depths:2)
  Erolcha (Orc:2)
  3 ice dragons (Depths:1)
  10 ironbound frosthearts
  A catoblepas (D:10)
  12 satyrs
  A death knight (D:13)
  17 centaur warriors
  A radroach (Spider:4)
  3 merfolk aquamancers
  A spriggan air mage (Depths:1)
  8 two-headed ogres
  10 boulder beetles
  2 alligator snapping turtles (Shoals:3)
  29 dancing weapons
  7 tengu warriors
  7 death scarabs (Spider:4)
  A spectral emperor scorpion (Spider:4)
  16 demonic crawlers
  2 vampire magi
  The ghost of MrSquiggles the Protected, a novice DsWn of Ru (D:9)
  2 occultists (D:15)
  2 hell hogs (Lair:5)
  3 hell knights (Vaults:3)
  A deep troll earth mage (Depths:1)
  3 spriggan berserkers (Depths:2)
  Sonja (Orc:2)
  13 deep elf knights
  2 sun demons (Shoals:3)
  A skyshark (Shoals:2)
  4 skeletal warriors
  2 iron trolls (Depths:2)
  8 pharaoh ants
  2 flayed ghosts (Depths:2)
  The ghost of Mueluromm the Chiller, a novice DsIE of Hepliaklqana (D:11)
  3 sun moths
  47 deep trolls
  4 glowing orange brains
  10 orb spiders
  14 sea snakes
  4 lindwurms
  11 deep elf archers
  9 ironbound convokers
  2 spectral wolf spiders (Spider:4)
  A lindwurm (shapeshifter) (Depths:1)
  An obsidian bat (Orc:2)
  A harpy (shapeshifter) (Vaults:3)
  6 arcanists
  4 necromancers
  23 deep elf zephyrmancers
  22 wolf spiders
  2 orc knights
  11 steelbarb worms
  16 harpies
  27 deep elf pyromancers
  2 phantasmal warriors (Vaults:2)
  10 orc sorcerers
  22 fauns
  Maurice (Orc:2)
  A moth of wrath (shapeshifter) (Elf:1)
  A manticore (shapeshifter) (Depths:1)
  A human zombie (Vaults:1)
  36 ugly things
  2 cyclopes
  4 moths of wrath
  12 manticores
  2 meliai (shapeshifter) (D:14)
  2 centaur zombies (D:15)
  3 elephants (shapeshifter)
  19 vault sentinels
  9 water nymphs
  2 ice statues (IceCv)
  11 merfolk sirens
  A guardian serpent (shapeshifter) (Elf:1)
  3 molten gargoyles (Lair:5)
  4 black mambas
  10 cane toads
  A cane toad (shapeshifter) (Elf:1)
  A gargoyle (D:12)
  4 torpor snails
  2 spectral redbacks (Spider:4)
  2 redback zombies (Spider:4)
  A freezing wraith (IceCv)
  A rime drake (Lair:5)
  3 efreet
  29 yaktaurs
  4 anaconda simulacra (IceCv)
  A yaktaur skeleton (Vaults:1)
  A kobold demonologist (D:10)
  2 yaktaur zombies (Vaults:1)
  14 komodo dragons
  6 ice devils (IceCv)
  2 tengu conjurers
  A great orb of eyes zombie (Vaults:1)
  A wind drake (Shoals:1)
  A polar bear (Lair:2)
  A queen bee (shapeshifter) (Elf:2)
  4 trolls
  26 merfolk
  5 spectral jumping spiders (Spider:4)
  14 blink frogs
  27 tarantellas
  A blink frog (shapeshifter) (Elf:1)
  A dream sheep (shapeshifter) (Elf:1)
  A tengu simulacrum (Vaults:1)
  2 dream sheep (Shoals:3)
  6 snapping turtles
  A spectral tarantella (Spider:4)
  2 tarantella zombies (Spider:4)
  34 slime creatures
  18 culicivoras
  A shadow (D:12)
  A centaur simulacrum (D:15)
  21 water elementals
  3 air elementals
  2 dire elephant simulacra (IceCv)
  7 wyverns
  A yak (shapeshifter) (Elf:1)
  22 jumping spiders
  2 vampires
  2 wraiths (D:11)
  A wyvern (shapeshifter) (Elf:1)
  Eustachio (D:6)
  7 fire elementals
  24 yaks
  3 hogs (Elf:1)
  9 basilisks
  5 steam dragons
  5 humans (D:13)
  68 redbacks
  A yaktaur simulacrum (Vaults:1)
  5 vampire mosquitoes (D:13)
  2 wargs
  A swamp worm (shapeshifter) (Elf:1)
  2 harpy simulacra (IceCv)
  2 hydra simulacra (IceCv)
  A water moccasin (shapeshifter) (Elf:1)
  An acid dragon (D:10)
  Duvessa (D:6)
  5 hell hounds
  16 water moccasins
  3 sky beasts (D:7)
  2 ice beasts
  4 black bears
  A hornet zombie (D:15)
  16 orc warriors
  14 ogres
  11 centaurs
  A wolf (shapeshifter) (D:13)
  2 phantoms
  A kobold brigand (D:10)
  26 nameless horrors
  11 bullfrogs
  2 gnoll sergeants
  3 earth elementals
  A scorpion (D:10)
  9 wights
  Dowan (D:6)
  8 killer bees (D:9)
  8 howler monkeys
  5 lava snakes (Lair:5)
  4 jellies
  A bombardier beetle (D:4)
  A hound (D:4)
  A sleepcap (D:5)
  18 orc priests
  Jessica (D:2)
  3 iguanas
  42 orc wizards
  5 hell rats (Lair:5)
  A troll simulacrum (IceCv)
  A polar bear simulacrum (IceCv)
  Robin (D:2)
  14 gnolls
  2 howler monkey zombies (D:9)
  7 adders
  A shadow imp (D:7)
  2 white imps (IceCv)
  5 ufetubi
  A dart slug (D:4)
  A ribbon worm (D:1)
  110 orcs
  2 bats
  11 endoplasms
  7 giant cockroaches
  14 goblins
  7 hobgoblins
  10 jackals
  8 kobolds
  3 quokkas
  3 ball pythons
  5 frilled lizards
  8 rats
1626 creatures vanquished.

Vanquished Creatures (others)
  A deep elf elementalist (Elf:3)
  A yaktaur captain (Vaults:2)
  A tengu warrior (Depths:2)
  A deep elf knight (Elf:2)
  A harpy (Shoals:4)
  A deep elf pyromancer (Elf:2)
  A manticore (Shoals:4)
  A human (D:13)
  An orc wizard (D:7)
  40 blazeheart cores
  5 snaplasher vines
  12 tentacles
66 creatures vanquished.

Grand Total: 1743 creatures vanquished

Table legend: (Time is in decaauts)
 A = Elapsed time spent in this place.
 B = Non-inter-level travel time spent in this place.
 C = Inter-level travel time spent in this place.
 D = Time resting spent in this place.
 E = Time spent auto-exploring this place.
 F = Levels seen in this place.
 G = Mean time per level.
                   A        B        C        D        E       F      G
               +--------+--------+--------+--------+--------+-----+--------+
         Total |  99253 |  93713 |   5540 |  38724 |  40495 |  40 | 2481.3 |
       Dungeon |  26087 |  23205 |   2882 |   4862 |  13946 |  15 | 1739.1 |
          Lair |  10991 |  10469 |    522 |   3066 |   5883 |   5 | 2198.2 |
        Shoals |  14555 |  14381 |    174 |   8334 |   4281 |   4 | 3638.8 |
   Spider Nest |  18911 |  18254 |    657 |  13082 |   3007 |   4 | 4727.8 |
  Orcish Mines |   3595 |   3220 |    375 |   1350 |   1279 |   2 | 1797.5 |
   Elven Halls |   9902 |   9345 |    557 |   2692 |   5173 |   3 | 3300.7 |
        Vaults |  12544 |  12175 |    369 |   4011 |   6350 |   4 | 3136.0 |
        Depths |    802 |    802 |      0 |      2 |    542 |   2 |  401.0 |
      Ice Cave |   1863 |   1863 |      0 |   1324 |     34 |   1 | 1863.0 |
               +--------+--------+--------+--------+--------+-----+--------+

Top non-repeatable levels by time:
Spider:3: 6973 daAuts
Spider:4: 5424 daAuts
    D:13: 4980 daAuts
Vaults:1: 4650 daAuts
Shoals:4: 4439 daAuts
  Lair:5: 4276 daAuts
Shoals:2: 3945 daAuts
   Elf:3: 3714 daAuts
Spider:1: 3379 daAuts
Vaults:2: 3303 daAuts
   Elf:2: 3285 daAuts
Shoals:1: 3142 daAuts
Spider:2: 3133 daAuts
Shoals:3: 3028 daAuts
   Elf:1: 2903 daAuts

Table legend:
 A = Non-vault XP
 B = Vault XP
 C = Vault XP percentage of total XP
 D = Non-vault monster count
 E = Vault monster count
 F = Vault count percentage of total count
                 A         B        C        D         E       F
            +---------+---------+-------+---------+---------+-------
      Total |  424914 |  323343 |  43.2 |    1077 |     577 |  34.9
            +---------+---------+-------+---------+---------+-------
        D:1 |      25 |      36 |  59.0 |      14 |      20 |  58.8
        D:2 |      38 |      75 |  66.4 |      16 |      14 |  46.7
        D:3 |     120 |       2 |   1.6 |      16 |       1 |   5.9
        D:4 |     482 |       0 |   0.0 |      26 |       0 |   0.0
        D:5 |     575 |       0 |   0.0 |      13 |       0 |   0.0
        D:6 |     924 |     417 |  31.1 |      27 |       3 |  10.0
        D:7 |    1262 |     883 |  41.2 |      37 |       6 |  14.0
        D:8 |     891 |       0 |   0.0 |      14 |       0 |   0.0
        D:9 |    3441 |    2140 |  38.3 |      33 |      36 |  52.2
       D:10 |    3370 |    1146 |  25.4 |      22 |       6 |  21.4
       D:11 |    4095 |    1756 |  30.0 |      17 |       5 |  22.7
       D:12 |    4810 |       0 |   0.0 |       8 |       0 |   0.0
       D:13 |    8499 |    7952 |  48.3 |      27 |      14 |  34.1
       D:14 |    6534 |   10393 |  61.4 |      12 |      25 |  67.6
       D:15 |   17588 |    5634 |  24.3 |      35 |       9 |  20.5
     Lair:1 |    2784 |    1206 |  30.2 |      10 |       5 |  33.3
     Lair:2 |    5030 |       0 |   0.0 |      24 |       0 |   0.0
     Lair:3 |    4757 |       0 |   0.0 |      15 |       0 |   0.0
     Lair:4 |    4291 |       0 |   0.0 |      16 |       0 |   0.0
     Lair:5 |    9029 |    9001 |  49.9 |      31 |      30 |  49.2
   Shoals:1 |   16318 |    2095 |  11.4 |      30 |       1 |   3.2
   Shoals:2 |    5552 |    4094 |  42.4 |      14 |      10 |  41.7
   Shoals:3 |   23197 |    3352 |  12.6 |      43 |       6 |  12.2
   Shoals:4 |   13925 |   24727 |  64.0 |      28 |      36 |  56.2
   Spider:1 |   15439 |    3332 |  17.8 |      46 |      12 |  20.7
   Spider:2 |   13507 |       0 |   0.0 |      32 |       0 |   0.0
   Spider:3 |   31032 |    2989 |   8.8 |      65 |       3 |   4.4
   Spider:4 |   17623 |   27621 |  61.0 |      41 |      54 |  56.8
      Orc:1 |    1523 |       0 |   0.0 |      29 |       0 |   0.0
      Orc:2 |    2713 |   10640 |  79.7 |      31 |      38 |  55.1
      Elf:1 |   19129 |    7980 |  29.4 |      33 |      18 |  35.3
      Elf:2 |   22774 |   27020 |  54.3 |      37 |      34 |  47.9
      Elf:3 |   12170 |   33961 |  73.6 |      18 |      32 |  64.0
   Vaults:1 |   37880 |   23801 |  38.6 |      60 |      23 |  27.7
   Vaults:2 |   39314 |   21519 |  35.4 |      56 |      21 |  27.3
   Vaults:3 |   16658 |   43852 |  72.5 |      25 |      48 |  65.8
   Vaults:4 |   24781 |   17830 |  41.8 |      32 |      18 |  36.0
   Depths:1 |   30250 |    1049 |   3.4 |      41 |       1 |   2.4
   Depths:2 |    2584 |   19857 |  88.5 |       3 |      23 |  88.5
      IceCv |       0 |    6983 | 100.0 |       0 |      25 | 100.0
            +---------+---------+-------+---------+---------+-------
